 Dungeon Crawl Stone Soup version 0.25-a0-435-g4b9beb1 (webtiles) character file.

Game seed: 5217472660210193488, levelgen mode: deterministic

947 2tousent the Cleaver (level 8, -4/62 HPs)
             Began as a Hill Orc Skald on Jan 29, 2020.
             Was a Follower of Nemelex Xobeh.
             Splashed by a jelly's acid (6 damage)
             ... on level 5 of the Dungeon.
             The game lasted 00:10:24 (5345 turns).

2tousent the Cleaver (Hill Orc Skald)               Turns: 5345, Time: 00:10:25

Health: -4/62      AC:  0    Str: 16    XL:     8   Next: 13%
Magic:  12/12      EV: 11    Int: 13    God:    Nemelex Xobeh [*.....]
Gold:   169        SH:  0    Dex: 10    Spells: 10/10 levels left

rFire    . . .     SeeInvis .   a - +0 hand axe
rCold    . . .     Gourm    .   (no shield)
rNeg     . . .     Faith    .   q - +0 ring mail
rPois    .         Spirit   .   w - +0 helmet
rElec    .         Reflect  .   (no cloak)
rCorr    .         Harm     .   g - +0 pair of gloves
MR       .....                  k - +0 pair of boots
Stlth    ..........             (no amulet)
HPRegen  0.20/turn              (no ring)
MPRegen  0.13/turn              (no ring)

@: corroded
A: no striking features
a: Draw Escape, Draw Destruction, Draw Summoning, Renounce Religion


You were on level 5 of the Dungeon.
You worshipped Nemelex Xobeh.
Nemelex Xobeh was aware of your devotion.
You were hungry.

You visited 2 branches of the dungeon, and saw 6 of its levels.

You collected 169 gold pieces.

Inventory:

Hand Weapons
 a - a +0 hand axe (weapon)
Armour
 b - a +0 leather armour
 g - a +0 pair of gloves (worn)
 k - a +0 pair of boots (worn)
 q - a +0 ring mail (worn)
 w - a +0 helmet (worn)
Jewellery
 v - an uncursed ring of protection from cold {unknown}
Wands
 j - a wand of flame (18)
 x - a wand of digging (4)
Scrolls
 c - 2 scrolls of teleportation
 h - 3 scrolls of remove curse
 i - a scroll of fear
 u - a scroll of noise {unknown}
Potions
 e - a potion of flight
 f - a potion of mutation {unknown}
 l - a potion of resistance {unknown}
 m - 3 potions of magic {unknown}
 n - 3 potions of berserk rage {unknown}
 o - a potion of haste {unknown}
 p - a potion of lignification {unknown}
 r - a potion of invisibility {unknown}
 s - a potion of brilliance {unknown}
 t - a potion of cancellation {unknown}
Comestibles
 d - 10 rations


   Skills:
 - Level 2.4 Fighting
 * Level 10.3 Axes
 - Level 1.1 Armour
 - Level 1.5 Dodging
 - Level 1.5 Spellcasting
   Level 2.6 Charms
 * Level 6.0 Invocations


You had 10 spell levels left.
You didn't know any spells.
Your spell library contained the following spells:

 Spells                   Type           Power        Failure   Level  Hunger
 Infusion                 Chrm           #...         17%         1    ##.....
 Song of Slaying          Chrm           #.......     26%         2    ###....
 Shroud of Golubria       Chrm/Tloc      #.....       41%         2    ###....
 Ozocubu's Armour         Chrm/Ice       #.......     65%         3    ####...
 Spectral Weapon          Hex/Chrm       #.......     65%         3    ####...


Dungeon Overview and Level Annotations

Branches:
Dungeon (5/15)             Temple (1/1) D:4

Altars:
Ashenzari
Cheibriados
Dithmenos
Elyvilon
Fedhas
Gozag
Hepliaklqana
Kikubaaqudgha
Makhleb
Nemelex Xobeh
Okawaru
Ru
Sif Muna
Trog
Uskayaw
Vehumet
Xom
Yredelemnul
Zin
The Shining One


Message History

You are too injured to fight recklessly!
You are too injured to fight recklessly!
You are too injured to fight recklessly!
You are too injured to fight recklessly!
You hit the jelly but do no damage. The acid corrodes you!
Your hands burn!
The jelly is almost dead.
The jelly hits you. The acid corrodes you!
You are splashed with acid!
You hit the jelly but do no damage.
Your hands burn!
* * * LOW HITPOINT WARNING * * *
The jelly is almost dead.
The jelly hits you.
* * * LOW HITPOINT WARNING * * *
You are splashed with acid!
* * * LOW HITPOINT WARNING * * *
You draw a card...
You have drawn the Cloud.
Clouds appear around you! The jelly hits you.
* * * LOW HITPOINT WARNING * * *
You are splashed with acid.
You die...
Your body disappears without a glow.

...#...##....##..#.........#
..........>......#.........#
..........########.........#
..........# #.........#
..........###########....###
................. #....#
..#.p.....####### ##....#
.##.........######§......# #
#.......#.....@J§...####
#.......#########.....
#.......# ### #.......#
#########


You could see a jelly.

Vanquished Creatures
  Pikel (D:5)
  2 centaurs (D:5)
  A crimson imp (D:4)
  A centaur skeleton (D:4)
  An orc wizard (D:5)
  A worker ant zombie (D:5)
  A gnoll (D:1)
  10 adders
  A shadow imp (D:2)
  An ooze (D:4)
  4 worms
  A dart slug (D:3)
  4 leopard geckos
  5 orcs
  15 bats
  A giant cockroach (D:1)
  11 goblins
  7 hobgoblins
  4 jackals (D:3)
  A quokka (D:3)
  A ball python (D:3)
  6 frilled lizards
  10 kobolds
  10 rats
100 creatures vanquished.

Notes
Turn   | Place    | Note
-------+----------+-------------------------------------------
     0 | D:1      | 2tousent the Hill Orc Skald began the quest for the Orb.
     0 | D:1      | Reached XP level 1. HP: 18/18 MP: 3/3
   169 | D:1      | Reached skill level 3 in Axes
   169 | D:1      | Reached XP level 2. HP: 3/25 MP: 4/4
   482 | D:1      | Reached skill level 4 in Axes
   806 | D:1      | Reached XP level 3. HP: 25/30 MP: 5/5
  1314 | D:2      | Reached skill level 5 in Axes
  1355 | D:2      | Reached XP level 4. HP: 9/37 MP: 0/6
  1693 | D:2      | Reached skill level 6 in Axes
  2054 | D:2      | Found a basalt altar of Yredelemnul.
  2252 | D:2      | Reached XP level 5. HP: 19/42 MP: 7/7
  2642 | D:2      | Reached skill level 7 in Axes
  2972 | D:3      | Found a blossoming altar of Fedhas.
  3001 | D:3      | Found a shattered altar of Ashenzari.
  3102 | D:3      | Found a white marble altar of Elyvilon.
  3715 | D:4      | Reached skill level 8 in Axes
  3756 | D:4      | Found a staircase to the Ecumenical Temple.
  3765 | Temple   | Entered the Ecumenical Temple
  3850 | D:4      | Reached XP level 6. HP: 50/50 MP: 8/8
  3969 | D:4      | Found a shadowy altar of Dithmenos.
  3980 | D:4      | Found an ancient bone altar of Kikubaaqudgha.
  3986 | D:4      | Found a burning altar of Makhleb.
  3986 | D:4      | Found a sparkling altar of Nemelex Xobeh.
  3987 | D:4      | Found a hide-covered altar of Uskayaw.
  3989 | D:4      | Found an iron altar of Okawaru.
  4002 | D:4      | Became a worshipper of Nemelex Xobeh the Trickster
  4032 | D:4      | Found a sacrificial altar of Ru.
  4066 | D:4      | Received a gift from Nemelex Xobeh
  4348 | D:4      | Found a shimmering altar of Xom.
  4350 | D:4      | Found a shimmering altar of Xom.
  4352 | D:4      | Found a shimmering altar of Xom.
  4443 | D:4      | Found a radiant altar of Vehumet.
  4575 | D:5      | Entered Level 5 of the Dungeon
  4575 | D:5      | Reached * piety under Nemelex Xobeh
  4645 | D:5      | Reached skill level 1 in Invocations
  4796 | D:5      | Reached skill level 9 in Axes
  4796 | D:5      | Reached XP level 7. HP: 6/56 MP: 9/9
  5120 | D:5      | Noticed Pikel
  5128 | D:5      | Killed Pikel
  5128 | D:5      | Reached skill level 10 in Axes
  5128 | D:5      | Reached XP level 8. HP: 26/62 MP: 9/12
  5344 | D:5      | HP: 3/62 [acid (10)]
  5345 | D:5      | Splashed by a jelly's acid

Levels and vault maps discovered:
D:1:      saegor_arrival_simple_a, layout_loops_corners
D:2:      layout_basic, nicolae_overflow_hidden_temple, first_ration
D:3:      layout_loops_cross, lemuel_crystal_altar, lemuel_doored_altar,
          fedhas_altar_2
D:4:      layout_gridville, xom_redecorated, minitemple,
          nicolae_overflow_crystal_walls, minmay_temple_entry_waves,
          vehumet_altar_wand_db
D:5:      layout_rooms, uniq_pikel, uniq_menkaure
Temple:   jpeg_temple_island

Skill      XL: |  1  2  3  4  5  6  7 |
---------------+----------------------+-----
Axes           | 3 4 5 6 8 9 10 | 10.3
Invocations    | 3 6 |  6.0
Fighting       | |  2.4
Armour         | |  1.1
Dodging        | |  1.5
Spellcasting   | |  1.5
Charms         | |  2.6

Action                   |  1- 3 |  4- 6 |  7- 9 || total
-------------------------+-------+-------+-------++-------
Melee: Hand axe          |   105 |   339 |    18 ||   462
 Cast: Infusion          |     2 |       |       ||     2
 Abil: Draw Destruction  |       |     4 |     2 ||     6
       Draw Escape       |       |       |     1 ||     1
  Use: Scroll            |     6 |     3 |       ||     9
  Eat: Chunk             |       |    12 |     2 ||    14
Armor: Leather armour    |    48 |    69 |       ||   117
       Ring mail         |       |    51 |     9 ||    60
Dodge: Dodged            |    71 |   206 |     7 ||   284

Table legend:
 A = Non-vault XP
 B = Vault XP
 C = Vault XP percentage of total XP
 D = Non-vault monster count
 E = Vault monster count
 F = Vault count percentage of total count
                 A         B        C        D         E       F
            +---------+---------+-------+---------+---------+-------
      Total |     690 |     664 |  49.0 |      98 |       2 |   2.0
            +---------+---------+-------+---------+---------+-------
        D:1 |      48 |       0 |   0.0 |      23 |       0 |   0.0
        D:2 |     150 |       0 |   0.0 |      35 |       0 |   0.0
        D:3 |      72 |       0 |   0.0 |      24 |       0 |   0.0
        D:4 |     116 |       1 |   0.9 |       7 |       1 |  12.5
        D:5 |     304 |     663 |  68.6 |       9 |       1 |  10.0
            +---------+---------+-------+---------+---------+-------
